 Dungeon Crawl Stone Soup version 0.21.1-1-g345015f (webtiles) character file.

51 shakethe the Chopper (level 3, -1/28 HPs)
             Began as a Demonspawn Gladiator on Feb 27, 2018.
             Killed from afar by Natasha (5 damage)
             ... with a magic dart
             ... on level 2 of the Dungeon.
             The game lasted 00:00:46 (899 turns).

shakethe the Chopper (Demonspawn Gladiator)          Turns: 899, Time: 00:00:47

Health: -1/28      AC:  6    Str: 14    XL:     3   Next: 58%
Magic:  3/3        EV: 13    Int: 10    God:
Gold:   35         SH:  0    Dex: 14    Spells: 2/2 levels left

rFire    . . .     SeeInvis .   a - +0 war axe
rCold    . . .     Gourm    .   (no shield)
rNeg     . . .     Faith    .   b - +0 leather armour
rPois    .         Spirit   .   c - +0 helmet
rElec    .         Reflect  .   (no cloak)
rCorr    .         Harm     .   (no gloves)
MR       .....                  (no boots)
Stlth    +.........             (no amulet)
HPRegen  0.09/turn              (no ring)
MPRegen  0.08/turn              (no ring)

@: slowed, very slow
A: thin metallic scales 1, rot immunity
a: no special abilities


You were on level 2 of the Dungeon.
You were not hungry.

You visited 1 branch of the dungeon, and saw 2 of its levels.

You collected 35 gold pieces.

Inventory:

Hand Weapons
 a - a +0 war axe (weapon)
Missiles
 d - 3 throwing nets {=f, !d}
 h - 4 tomahawks of dispersal {=f}
Armour
 b - a +0 leather armour (worn)
 c - a +0 helmet (worn)
Scrolls
 g - 2 scrolls of identify {unknown}
 i - 2 scrolls of amnesia {unknown}
 j - a scroll of magic mapping {unknown}
 l - a scroll of random uselessness {unknown}
 m - a scroll of fear {unknown}
 n - a scroll of blinking {unknown}
Potions
 e - a potion of haste {unknown}
 k - a potion of flight {unknown}
Comestibles
 f - a ration


   Skills:
 + Level 2.5 Fighting
 * Level 3.5 Axes
 - Level 1.7 Throwing
 + Level 3.1 Dodging


You had 2 spell levels left.
You didn't know any spells.

Dungeon Overview and Level Annotations

Branches:
Dungeon (2/15)

Altars:

Annotations:
D:2 Natasha


Innate Abilities, Weirdness & Mutations

You are partially covered in thin metallic scales. (AC +2)
You are immune to rotting.


Message History

No target in view!
No target in view!
No target in view!
No target in view!
No target in view!
Done exploring.
No target in view!
Done exploring.
No target in view!
Done exploring.
(D) Dungeon
Where to? (? - help)
You see here 2 stones.
There is a stone staircase leading down here.
You climb downwards.
A worm comes into view.
There is a stone staircase leading up here.
You hit the worm. You hit the worm. The worm barely misses you.
You hit the worm. The worm closely misses you.
You hit the worm but do no damage. The worm bites you but does no damage.
You slash the worm! The worm closely misses you.
You slash the worm! The worm bites you.
You take 4 damage, and have 18/22 hp.
You barely miss the worm.
A leopard gecko comes into view.
You barely miss the worm. The worm misses you.
You barely miss the worm. The worm bites you.
You take 2 damage, and have 16/22 hp.
You slash the worm!
You kill the worm!
Your Dodging skill increases to level 3!
A bat comes into view.
A bat is nearby!
The bat closely misses you.
You completely miss the bat. The bat barely misses you.
The bat hits you but does no damage.
You completely miss the bat. The bat hits you but does no damage.
You slash the bat!
You kill the bat!
No target in view!
No target in view!
No target in view!
No target in view!
No target in view!
No target in view!
No target in view!
n - a scroll labeled IMPANG RUOJIUCK No target in view!
No target in view!
No target in view!
No target in view!
No target in view!
No target in view!
No target in view!
Natasha, Servant of Life and Death comes into view.
Natasha hisses angrily.
Natasha casts a spell at you.
You feel yourself slow down.
A goblin comes into view. It is wielding a dagger.
The goblin shouts!
The teleport trap disappears.
The goblin disappears!
You hit Natasha.
Natasha casts a spell.
Natasha hisses.
Natasha casts a spell at you.
You feel as though you will be slow longer.
You hit Natasha but do no damage.
Natasha stares at you and mumbles some strange words.
The magic dart hits you! Natasha closely misses you.
You are too injured to fight recklessly!
You take 6 damage, and have 12/23 hp.
MASSIVE DAMAGE!!
You hit Natasha. Natasha barely misses you. Natasha claws you.
You take 5 damage, and have 7/23 hp.
MASSIVE DAMAGE!!
You hit Natasha but do no damage. Natasha misses you. Natasha claws you.
* * * LOW HITPOINT WARNING * * *
You take 5 damage, and have 2/23 hp.
MASSIVE DAMAGE!!
You slash Natasha!
You kill Natasha!
Natasha screams in fury as she dies!
The white imp disappears in a puff of smoke!
You have reached level 3!
Your experience leads to an increase in your attributes!
Increase (S)trength, (I)ntelligence, or (D)exterity?
You feel clever.
Your demonic ancestry asserts itself...
You feel immune to rotting.
MP restored: 3 A leopard gecko is nearby!
Natasha, Servant of Life and Death comes into view.
You hit the leopard gecko.
You kill the leopard gecko!
Natasha mumbles some strange words.
A rat comes into view.
Unknown command.
Natasha casts a spell.
Natasha casts a spell at you. The magic dart hits you!
You die...

... #.r #.# #.# #.#
. # ### ##.####...
#.
#.##.###.........
#.#.#...##.#####!#.
#...5..@.....#
##...h....##.##
#...†<........#
#.#.#..5.........#
# ##....###..#.#
###.## ..# # ..# .#
...# # ....#


You could see Natasha, a crimson imp and a white imp.

Vanquished Creatures
  Natasha (D:2)
  An ooze (D:1)
  A worm (D:2)
  3 leopard geckos
  A giant cockroach (D:1)
  A goblin (D:1)
  2 jackals (D:1)
  2 bats
  2 frilled lizards (D:1)
  3 kobolds (D:1)
  A rat (D:1)
18 creatures vanquished.

Notes
Turn   | Place    | Note
-------+----------+-------------------------------------------
     0 | D:1      | shakethe the Demonspawn Gladiator began the quest for the Orb.
     0 | D:1      | Reached XP level 1. HP: 16/16 MP: 1/1
   370 | D:1      | Reached skill level 3 in Axes
   370 | D:1      | Gained mutation: You are partially covered in thin metallic scales. (AC +2) [demonic ancestry]
   370 | D:1      | Reached XP level 2. HP: 21/22 MP: 2/2
   871 | D:2      | Reached skill level 3 in Dodging
   884 | D:2      | Noticed Natasha
   890 | D:2      | HP: 2/23 [Natasha (5)]
   891 | D:2      | Killed Natasha
   891 | D:2      | Gained mutation: You are immune to rotting. [demonic ancestry]
   891 | D:2      | Reached XP level 3. HP: 3/28 MP: 3/3
   897 | D:2      | Noticed Natasha
   899 | D:2      | Killed from afar by Natasha

Skill      XL: |  1  2 |
---------------+-------+-----
Axes           | 3 |  3.5
Dodging        | 3 |  3.1
Fighting       | |  2.5
Throwing       | |  1.7

Action                   || total
-------------------------++-------
Melee: War axe           ||    50
 Stab: Sleeping          ||     1
Armor: Leather armour    ||    14
Dodge: Dodged            ||    31

Vault maps used:
D:1:      matt_arrival_spirals
D:2:      minmay_diamond_boxcup, first_ration, uniq_sigmund, uniq_natasha

Table legend:
 A = Turns spent in this place as a percentage of turns spent in the entire game.
 B = Non-inter-level travel turns spent in this place as a percentage of non-inter-level travel turns spent in the entire game.
 C = Inter-level travel turns spent in this place as a percentage of turns spent in this place.
 D = Turns resting spent in this place as a percentage of non-inter-level travel turns spent in this place.
 E = Turns spent auto-exploring this place as a percentage of non-inter-level travel turns spent in this place.
 F = Non-inter-level travel turns spent in this place divided by the number of levels of this place that you've seen.
                   A       B       C       D       E      F
               +-------+-------+-------+-------+-------+----------------------
         Total | 100.0 | 100.0 |   1.3 |  17.6 |  70.1 | 443.5
       Dungeon | 100.0 | 100.0 |   1.3 |  17.6 |  70.1 | 443.5
               +-------+-------+-------+-------+-------+----------------------

Table legend:
 A = Kills in this place as a percentage of kills in entire the game.
 B = Kills by you in this place as a percentage of kills by you in the entire game.
 C = Kills by friends in this place as a percentage of kills by friends in the entire game.
 D = Other kills in this place as a percentage of other kills in the entire game.
 E = Experience gained in this place as a percentage of experience gained in the entire game.
 F = Experience gained in this place divided by the number of levels of this place that you have seen.
                   A       B       C       D       E      F
               +-------+-------+-------+-------+-------+----------------------
         Total | 100.0 | 100.0 |   N/A |   N/A | 100.0 |  37.0
       Dungeon | 100.0 | 100.0 |   N/A |   N/A | 100.0 |  37.0
               +-------+-------+-------+-------+-------+----------------------
